 Dungeon Crawl Stone Soup version 0.27-a0-1123-g2f9bb313c0 (webtiles) character file.

Game seed: 14954370516286962646

499 leviel the Chopper (level 6, -3/85 HPs)
             Began as a Minotaur Berserker on May 3, 2021.
             Was a Believer of Trog.
             Slain by an orc
             ... wielding a +0 dagger
              (4 damage)
             ... on level 4 of the Dungeon.
             The game lasted 00:03:28 (2614 turns).

leviel the Chopper (Minotaur Berserker)             Turns: 2614, Time: 00:03:28

Health: -3/85      AC:  2    Str: 23    XL:     6   Next: 94%
Magic:  5/5        EV: 12    Int:  4    God:    Trog [**....]
Gold:   69         SH:  0    Dex: 10    Spells: 5/5 levels left

rFire    . . .     SeeInvis .   m - +0 war axe
rCold    . . .     Faith    .   (no shield)
rNeg     . . .     Spirit   .   b - +0 animal skin
rPois    .         Reflect  .   (helmet restricted)
rElec    .         Harm     .   (no cloak)
rCorr    .         Rampage  .   (no gloves)
Will     ++...                  (no boots)
Stlth    ..........             (no amulet)
HPRegen  1.24/turn              (no ring)
MPRegen  0.09/turn              (no ring)

@: berserking, strong-willed, regenerating, very quick
A: horns 2, retaliatory headbutt
a: Renounce Religion, Berserk, Trog's Hand


You were on level 4 of the Dungeon.
You worshipped Trog.
Trog was pleased with you.
You visited 1 branch of the dungeon, and saw 4 of its levels.

You collected 69 gold pieces.

Inventory:

Hand Weapons
 a - a +0 hand axe
 m - a +0 war axe (weapon)
Armour
 b - a +0 animal skin (worn)
Scrolls
 c - a scroll of identify {unknown}
 d - a scroll of enchant armour {unknown}
 f - a scroll of teleportation {unknown}
 i - a scroll of immolation {unknown}
 j - a scroll of fear {unknown}
 k - a scroll of enchant weapon {unknown}
 l - a scroll of vulnerability {unknown}
Potions
 e - a potion of curing {unknown}
 g - 2 potions of lignification {unknown}
 h - a potion of cancellation {unknown}


   Skills:
 + Level 6.0 Fighting
 + Level 6.7 Axes
 + Level 2.9 Armour
 + Level 4.0 Dodging
 + Level 1.2 Stealth


You had 5 spell levels left.
You didn't know any spells.
Your spell library was empty.

Dungeon Overview and Level Annotations

Branches:
Dungeon (3/15)

Altars:


Innate Abilities, Weirdness & Mutations

You have a pair of horns on your head.
You reflexively headbutt those who attack you in melee.


Message History

There are monsters nearby!
Unknown command.
You are too injured to fight recklessly!
An iguana comes into view.
Okay, then.
Your skin crawls.
You feel strong-willed.
The orc priest invokes the aid of Beogh against you.
Beogh smites you! The orc hits you but does no damage.
The orc wizard gestures at you while chanting.
You resist with almost no effort.
The iguana hisses menacingly.
A red film seems to cover your vision as you go berserk!
You feel yourself moving faster!
You feel mighty! The orc hits you with a +0 dagger.
* * * LOW HITPOINT WARNING * * *
The orc closely misses you.
The orc wizard hits you with a +0 dagger of freezing.
* * * LOW HITPOINT WARNING * * *
The orc wizard freezes you.
* * * LOW HITPOINT WARNING * * *
The dart slug launches a dart at you. The slug dart hits you.
* * * LOW HITPOINT WARNING * * *
You slash the orc!
The orc is almost dead.
You barely miss the orc.
You hit the orc wizard but do no damage.
You slash the dart slug!
The orc priest invokes the aid of Beogh against you.
Beogh smites you!
* * * LOW HITPOINT WARNING * * *
The orc hits you with a +0 dagger.
* * * LOW HITPOINT WARNING * * *
The orc wizard closely misses you. The iguana misses you.
The orc priest hits you with a +0 flail.
* * * LOW HITPOINT WARNING * * *
The orc hits you with a +0 dagger.
You die...

#.......#
##.####.......##
................
##..##....####.
# #.......#
#.......#
##+#.......#
#.....o....#
#...o@w....#
#...loo.$..#
#....g.....#
#..l.......#
..........$(#
.............#
.............#
...###+#######
..


You could see 2 iguanas, an orc priest, an orc wizard, a dart slug, 2 orcs and a
goblin.

Vanquished Creatures
  Grinder (D:3)
  A black bear (D:3)
  The ghost of Zeld the Shield-Bearer, an amateur OpFi (D:3)
  A kobold brigand (D:3)
  A gnoll (D:1)
  2 worms (D:2)
  6 bats
  6 endoplasms
  2 giant cockroaches (D:1)
  5 goblins
  6 hobgoblins
  4 jackals
  2 kobolds
  2 quokkas
  5 ball pythons
  4 frilled lizards
  4 rats
53 creatures vanquished.

Vanquished Creatures (others)
  7 withered plants (D:3)
7 creatures vanquished.

Grand Total: 60 creatures vanquished

Notes
Turn   | Place    | Note
-------+----------+-------------------------------------------
     0 | D:1      | leviel the Minotaur Berserker began the quest for the Orb.
     0 | D:1      | Reached XP level 1. HP: 19/19 MP: 0/0
   374 | D:1      | Reached XP level 2. HP: 15/27 MP: 1/1
   760 | D:1      | Reached XP level 3. HP: 27/34 MP: 2/2
   997 | D:1      | Reached ** piety under Trog
  2148 | D:3      | Noticed Grinder
  2152 | D:3      | Paralysed by Grinder for 6 turns
  2161 | D:3      | Killed Grinder
  2162 | D:3      | Reached skill level 5 in Fighting
  2162 | D:3      | Reached skill level 5 in Axes
  2162 | D:3      | Reached XP level 4. HP: 40/42 MP: 3/3
  2162 | D:3      | Reached XP level 5. HP: 45/48 MP: 4/4
  2270 | D:3      | Noticed a black bear
  2276 | D:3      | Killed a black bear
  2277 | D:3      | Reached skill level 1 in Stealth
  2277 | D:3      | Reached XP level 6. HP: 57/57 MP: 5/5
  2334 | D:3      | Noticed Zeld's ghost (amateur OpFi)
  2335 | D:3      | Found a runed translucent gate.
  2335 | D:3      | Found a runed translucent gate.
  2335 | D:3      | Found a runed translucent gate.
  2368 | D:3      | Killed Zeld's ghost
  2597 | D:3      | You fall into a shaft and drop 1 floor!
  2613 | D:4      | HP: 4/85 [orc/+0 dagger (4)]
  2614 | D:4      | HP: 1/85 [orc priest/+0 flail (4)]
  2614 | D:4      | Slain by an orc

Illustrated notes

Levels and vault maps discovered:
D:1:      dpeg_arrival_short_road, layout_basic, moated_statue
D:2:      layout_loops_ring
D:3:      minmay_angry_zag, layout_loops_ring, serial_shops,
          nicolae_shop_statue_plus, ebering_ecumenical_altar_petrified,
          gammafunk_ghost_split, gup_sewer_entry_spiral, minmay_liquid_box,
          uniq_grinder
D:4:      layout_basic, general_overflow_altar, serial_shops,
          kennysheep_mini_moat

Skill      XL: |  1  2  3  4  5  6 |
---------------+-------------------+-----
Fighting       | 4 5 6 |  6.0
Axes           | 4 5 6 |  6.7
Dodging        | 3 4 |  4.0
Stealth        | 1 |  1.2
Armour         | |  2.9

Action                   |  1- 3 |  4- 6 || total
-------------------------+-------+-------++-------
Melee: Hand axe          |    77 |    20 ||    97
       Headbutt          |    10 |     8 ||    18
       War axe           |       |     2 ||     2
Invok: Berserk           |     1 |     3 ||     4
       Trog's Hand       |       |     1 ||     1
 Stab: Sleeping          |       |     2 ||     2
Armor: Animal skin       |     7 |     6 ||    13
Dodge: Dodged            |    43 |    12 ||    55

Table legend: (Time is in decaauts)
 A = Elapsed time spent in this place.
 B = Non-inter-level travel time spent in this place.
 C = Inter-level travel time spent in this place.
 D = Time resting spent in this place.
 E = Time spent auto-exploring this place.
 F = Levels seen in this place.
 G = Mean time per level.
                   A        B        C        D        E       F      G
               +--------+--------+--------+--------+--------+-----+--------+
         Total |   2640 |   2620 |     20 |    543 |   1690 |   4 |  660.0 |
       Dungeon |   2640 |   2620 |     20 |    543 |   1690 |   4 |  660.0 |
               +--------+--------+--------+--------+--------+-----+--------+

Top non-repeatable levels by time:
     D:2: 1079 daAuts
     D:1: 1077 daAuts
     D:3: 468 daAuts
     D:4: 16 daAuts
